[Event "Czech Open-Rapid 2022"]
[Site "Pardubice"]
[Date "2022.07.21"]
[Round "4.15"]
[White "Freisler, Pavel"]
[Black "Meszaros, Ludek"]
[Result "1-0"]
[ECO "E18"]
[WhiteElo "2256"]
[BlackElo "2049"]
[Annotator "TA"]
[PlyCount "63"]
[EventDate "2022.07.20"]
[EventType "swiss"]
[EventCountry "CZE"]
[SourceTitle "playchess.com"]
[Source "ChessBase"]
[SourceQuality "1"]
[TimeControl "1200+10"]

1. d4 Nf6 2. Nf3 b6 3. g3 Bb7 4. Bg2 e6 5. c4 Be7 6. Nc3 O-O 7. O-O Ne4 8. Bd2 Nxc3 9. Bxc3 Be4 10. d5 Bf6 {[%emt 0:00:27] Against Qd4. E18: Queen's Indian: Old Main Line (4 g3 Bb7 5 Bg2 Be7 6 0-0 0-0 7 Nc3).} 11. Nd4 Bxg2 12. Kxg2 c5 {[%emt 0:01:08] White has an edge.} 13. Nb5 Bxc3 14. Nxc3 {[%emt 0:00:02] [#]} e5 $146 ({Predecessor:} 14... d6 15. f4 Qe7 16. Qd3 Na6 17. e4 Rad8 18. Rae1 e5 19. fxe5 Qxe5 20. Rf5 Qe7 21. e5 g6 22. Ne4 Nb4 23. Qd2 dxe5 24. Nf6+ Kg7 25. Rh5 Qc7 26. Rf1 {1-0 (26) Sahovic,D (2420)-Diaz Diaz,J Vrnjacka Banja 1976}) 15. d6 Nc6 16. Qd5 Re8 17. Rad1 Re6 18. a3 a6 19. Rd3 Rb8 20. f4 exf4 21. Rxf4 Rf6 (21... Qf8 $15) 22. Rdf3 {[%emt 0:00:24] [#] aiming for Rxf6.} Rxf4 23. Rxf4 Qe8 24. Re4 Qf8 25. Na4 Nd4 {[%emt 0:00:31] [#]} (25... g6 $11) 26. Re7 {[%emt 0:00:24] White is more active.} ({White must play} 26. b4 $1 $16 Ne6 27. bxc5 bxc5 28. Nxc5) 26... Ne6 (26... Nc6 $1 $11 {and Black has nothing to worry.} 27. Rxd7 Qe8 28. Qxc6 Qxe2+ 29. Kg1 (29. Kh3 Qe6+ 30. Kg2 Qe2+ 31. Kg1 Qe1+ 32. Kg2 Qe2+ $11) 29... Qe1+ 30. Kg2 Qe2+ 31. Kh3 Qh5+ 32. Kg2 Qe2+) 27. Rxd7 $18 Qc8 $2 (27... h6 28. Re7 a5) 28. Re7 Qd8 29. e4 {[%emt 0:00:37] And now b4 would win.} h6 30. e5 b5 (30... Qf8 $142 31. b4 h5) 31. Nxc5 Nxc5 32. Qxf7+ {Weighted Error Value: White=0.28 (precise) /Black=0.75} 1-0

[Event "Czech Open-Rapid 2022"]
[Site "Pardubice"]
[Date "2022.07.21"]
[Round "4.16"]
[White "Kotva, Milan"]
[Black "Stocek, Jiri"]
[Result "0-1"]
[ECO "B40"]
[WhiteElo "1833"]
[BlackElo "2548"]
[Annotator "TA"]
[PlyCount "57"]
[EventDate "2022.07.20"]
[EventType "swiss"]
[EventCountry "CZE"]
[SourceTitle "playchess.com"]
[Source "ChessBase"]
[SourceQuality "1"]
[TimeControl "1200+10"]

1. e4 c5 2. Nf3 e6 3. d4 cxd4 4. Nxd4 Nf6 5. Nc3 Nc6 6. Nxc6 bxc6 7. Bd3 d5 8. e5 {B45: Sicilian Four Knights.} Nd7 9. f4 Bc5 10. Qe2 {[#] The position is equal.} Rb8 $146 ({Predecessor:} 10... O-O 11. Be3 d4 12. Bxd4 Bxd4 13. Qd2 Nc5 14. O-O-O Nxd3+ 15. Qxd3 c5 16. Ne2 Qb6 {0-1 (57) Kurmanbekov,A-Akbarhanov,N Karakol 2017}) 11. b3 Bd4 12. Bd2 {[#]} ({White should try} 12. Qd2 $15) 12... O-O {[#]} (12... Nc5 $1 $17 13. O-O-O O-O) 13. Bxh7+ $1 $11 Kxh7 14. Qd3+ Kg8 15. Qxd4 c5 16. Qf2 Ba6 17. Ne2 (17. Qg3 $5 ) 17... f6 $36 {[%mdl 2048] Black has the initiative.} 18. exf6 Qxf6 19. O-O Qg6 20. Rac1 e5 21. Rfe1 e4 22. Nc3 ({White should play} 22. Qg3 $11 Qf7 23. c3) 22... Bb7 $15 {[%mdl 1024] Black has compensation.} 23. Qf1 $2 {Now White is beyond hope.} (23. Qg3 $17 Qe6 24. Nd1) 23... d4 24. Nd1 (24. Qf2 {might work better.}) 24... Rf7 {Hoping for ...Ne5.} 25. c3 $2 (25. Qf2) 25... Ne5 $19 {Black is clearly winning.} 26. Re2 Rbf8 {Strongly threatening ...Nf3+.} 27. cxd4 cxd4 {...Nf3+ is the strong threat.} 28. Rc5 Nd3 {White must now prevent ...e3.} 29. Ra5 {Weighted Error Value: White=0.80/Black=0.31} 0-1

[Event "Czech Open-Rapid 2022"]
[Site "Pardubice"]
[Date "2022.07.21"]
[Round "4.17"]
[White "Pacl, Vaclav"]
[Black "Mladek, Richard"]
[Result "0-1"]
[ECO "A06"]
[WhiteElo "2036"]
[BlackElo "2330"]
[Annotator "TA"]
[PlyCount "68"]
[EventDate "2022.07.20"]
[EventType "swiss"]
[EventCountry "CZE"]
[SourceTitle "playchess.com"]
[Source "ChessBase"]
[SourceQuality "1"]
[TimeControl "1200+10"]

1. Nf3 d5 2. e3 e6 3. c4 Nf6 4. b3 Be7 5. Bb2 O-O 6. g3 {A13: English Opening: 1...e6.} a5 {[%cal Ba7a5,Ba5a4][%mdl 32] [#]} 7. a3 $146 ({Predecessor:} 7. Nc3 c6 8. Bg2 b6 9. O-O Nbd7 10. Rc1 Ba6 11. d3 b5 12. cxb5 cxb5 13. Nd4 Qb6 {0-1 (73) Zhu,B (1959)-Cui,C (1692) Quebec 2018}) 7... a4 8. cxd5 {The position is equal.} exd5 ({But not} 8... Qxd5 9. b4 $11) 9. b4 $1 Nbd7 10. Bg2 Nb6 11. d3 c6 12. O-O Re8 13. Bd4 Bg4 14. Qc2 Nfd7 15. Nc3 Bf6 16. Ne2 Bxd4 17. Nexd4 Qf6 18. Rac1 Rad8 19. Rfe1 h6 20. h3 Bh5 21. Nh2 Rc8 22. Ne2 Bxe2 23. Qxe2 c5 24. bxc5 Nxc5 25. Nf3 Nb3 26. Rxc8 Rxc8 27. Rb1 Qc3 28. Ne1 Rc5 29. e4 Qe5 30. Nf3 Qe7 31. Qe1 {[#]} (31. Qb2 $11 {remains equal.}) 31... d4 $1 $17 {Black is more active.} 32. Qb4 (32. Kh2 $142 Rc6 33. Nd2) 32... Rc1+ {Black is clearly better.} 33. Rxc1 Qxb4 34. axb4 Nxc1 {Weighted Error Value: White=0.14 (very precise) /Black=0.06 (flawless)} 0-1

[Event "Czech Open-Rapid 2022"]
[Site "Pardubice"]
[Date "2022.07.21"]
[Round "4.18"]
[White "Krak, Tomas"]
[Black "Kovalskyi, Roman"]
[Result "1-0"]
[ECO "B36"]
[WhiteElo "2312"]
[BlackElo "2056"]
[Annotator "TA"]
[PlyCount "120"]
[EventDate "2022.07.20"]
[EventType "swiss"]
[EventCountry "CZE"]
[SourceTitle "playchess.com"]
[Source "ChessBase"]
[SourceQuality "1"]
[TimeControl "1200+10"]

1. e4 c5 2. Nf3 g6 3. d4 cxd4 4. Nxd4 Nc6 5. c4 Nf6 6. Nc3 d6 7. f3 Bg7 8. Be3 O-O 9. Qd2 Nxd4 10. Bxd4 Bd7 11. Be2 a5 12. b3 Bc6 13. O-O Nd7 14. Be3 Nc5 15. Rab1 Be5 {[%emt 0:00:07] B38: Sicilian: Maroczy Bind with 5...Bg7 and 7...0-0.} 16. g3 e6 17. Nb5 Qe7 {[%emt 0:00:20] White is slightly better.} 18. Rfd1 Rfd8 19. Bg5 f6 20. Be3 {[%emt 0:00:01] f4 is the strong threat.} Bxb5 21. cxb5 {[%emt 0:00:04] [#]} f5 $146 ({Predecessor:} 21... d5 22. exd5 exd5 23. Bf2 b6 24. Rbc1 Kh8 25. Qc2 Rac8 26. f4 Bc7 27. Bg4 f5 {1-0 (37) Kolchin,M (1728)-Kuleba,I (1589) St Petersburg 2017}) 22. exf5 gxf5 23. Rbc1 Kh8 (23... b6 $1 $14) 24. Bd4 (24. b6 $16) 24... Bxd4+ 25. Qxd4+ e5 26. Qd5 Ne6 {[%emt 0:00:09] [#]} 27. Bc4 (27. b6 $1 $16) 27... Nd4 $14 28. Rxd4 (28. Re1 $14 Re8 29. Rcd1) 28... exd4 $11 29. Qxd4+ Qe5 30. Rd1 (30. Qd2 $1 $11) 30... Qxd4+ $15 31. Rxd4 {[%emt 0:00:02][%mdl 4096] Endgame KRR-KRB} Rac8 32. a4 Rc5 33. Kf2 Kg7 {[%emt 0:00:31] Black wants to play ...d5.} 34. Ke3 Kf6 35. Rh4 Rd7 (35... d5 $15 36. Bd3 Rc3) 36. Kd4 b6 37. Rh6+ Kg7 38. Re6 h6 $2 {[%emt 0:00:17] [#]} (38... Kf7 $11 {and Black has nothing to worry.} 39. Bd5 Kf8) 39. Re8 $1 $18 d5 40. Bd3 Rc1 41. Bxf5 $2 ({White should try} 41. Re6 $16) 41... Rf7 $11 42. g4 {[%emt 0:00:14][%mdl 8192] White is now going downhill.} (42. Rc8 $11 {and White is okay.} Rxc8 43. Bxc8) 42... Rd1+ $19 43. Kc3 Rc7+ 44. Kb2 Rd2+ 45. Kb1 d4 {[%emt 0:00:17] Threatens to win with ...Rd1+.} 46. Rc8 (46. Re6 $142 Rc3 47. Rxb6 Rxh2 48. Rc6 Rxb3+ 49. Kc1) 46... Rxc8 47. Bxc8 {[%emt 0:00:01] KR-KB} Rd3 48. Be6 Rxf3 49. b4 axb4 {[%emt 0:00:03] aiming for ...Kf6.} 50. a5 bxa5 51. b6 Rf8 {[%emt 0:01:16] ( -> ...Rb8)} (51... Kf6 $2 52. b7 Kxe6 53. b8=Q $18) 52. b7 Rb8 {[%emt 0:00:01] Black mates.} 53. Bd5 a4 54. Kc2 Kf6 55. h4 Ke5 56. Bc6 Kf4 57. g5 hxg5 58. hxg5 Kxg5 59. Kd3 a3 60. Bd5 {[%emt 0:00:19] [#]} Rxb7 $3 {[%emt 0:00:01][%mdl 33280] Weighted Error Value: White=0.88/Black=0.18 (very precise) . Loss on time!?} 1-0

[Event "Czech Open-Rapid 2022"]
[Site "Pardubice"]
[Date "2022.07.21"]
[Round "4.19"]
[White "Jurek, Josef"]
[Black "Kokes, Bohuslav"]
[Result "1-0"]
[ECO "A30"]
[WhiteElo "2200"]
[BlackElo "1909"]
[Annotator "TA"]
[PlyCount "69"]
[EventDate "2022.07.20"]
[EventType "swiss"]
[EventCountry "CZE"]
[SourceTitle "playchess.com"]
[Source "ChessBase"]
[SourceQuality "1"]
[TimeControl "1200+10"]

1. Nf3 c5 2. c4 e6 3. g3 b6 4. Bg2 Bb7 5. O-O Nf6 6. Nc3 Be7 7. d4 d5 {[%emt 0:02:40] A30: Symmetrical English: Double Fianchetto and Hedgehog.} 8. cxd5 (8. dxc5 {looks sharper.} Bxc5 9. Bg5 dxc4 10. Qa4+) 8... Nxd5 9. Nxd5 Bxd5 {[%emt 0:00:19] White is slightly better.} 10. dxc5 Bxc5 11. Qa4+ Qd7 12. Qg4 O-O $1 {[%emt 0:02:04] [#]} 13. Ne5 $146 ({Predecessor:} 13. Rd1 Qe7 14. e4 Bb7 15. e5 Rc8 16. Bg5 Qf8 17. Rac1 Bd5 18. b4 Bxb4 19. Qxb4 Rxc1 20. Qxf8+ {1-0 (20) Wietschke,R (1930)-Krueger,T (1593) Liberec 2018}) 13... Qe7 14. Bxd5 ({Don't blunder} 14. Bh6 $2 f5 15. Qg5 Bxg2 16. Kxg2 Qb7+ 17. Kg1 Bd4 $19) 14... exd5 15. Bf4 $36 {[%emt 0:01:23][%mdl 2048] White is more active.} Bd6 16. Nd3 Nd7 17. Bxd6 Qxd6 18. e3 Nf6 19. Qf4 Rfd8 20. Rfd1 d4 (20... Qe6 $11 {keeps the balance.}) 21. Ne5 $16 Re8 22. exd4 Rad8 23. a3 {[%emt 0:00:37] White is more active.} Qd5 24. Rac1 Nd7 ({Black should try} 24... h5 $14) 25. Nc6 $18 Ra8 26. Re1 $2 {[%emt 0:00:03][%mdl 8192] [#]} (26. Nb4 $16 {keeps the pressure on.} Qh5 27. d5) 26... Nf8 $4 (26... Rxe1+ $19 {avoids the disaster.} 27. Rxe1 Qxc6) 27. Re5 ({Don't play} 27. Ne7+ $6 Rxe7 28. Rxe7 Ng6 $16) 27... Rxe5 28. Qxe5 Qd7 (28... Qxe5 {was called for.} 29. dxe5 (29. Nxe5 Rd8 $16) 29... g6) 29. d5 {[%emt 0:00:27] Black must now prevent Ne7+.} h6 $2 (29... Re8 30. Qd4 h6) 30. Re1 (30. Ne7+ $142 Kh8 31. Rc6) 30... Ng6 31. Qd4 Rc8 32. Qe4 Kh7 33. h4 {[%emt 0:00:04] [#] Hoping for h5. White is winning.} h5 34. Qf3 Kh6 35. Nd4 {[%emt 0:00:09] Weighted Error Value: White=0.50/Black=0.54} 1-0

[Event "Czech Open-Rapid 2022"]
[Site "Pardubice"]
[Date "2022.07.21"]
[Round "4.20"]
[White "Postl, Petr"]
[Black "Brejnik, Gustav"]
[Result "0-1"]
[ECO "B15"]
[WhiteElo "1900"]
[BlackElo "2292"]
[Annotator "TA"]
[PlyCount "106"]
[EventDate "2022.07.20"]
[EventType "swiss"]
[EventCountry "CZE"]
[SourceTitle "playchess.com"]
[Source "ChessBase"]
[SourceQuality "1"]
[TimeControl "1200+10"]

1. e4 c6 2. d4 d5 3. Nc3 dxe4 4. Nxe4 Nf6 5. Ng5 h6 6. N5f3 {[%emt 0:00:22] B15: Caro-Kann: 3 Nc3: 3...g6 and 3...dxe4 4 Nxe4 Nf6 5 Nxf6+ exf6.} Bg4 7. h3 Bh5 (7... Bf5 $11) 8. g4 (8. Bd3 $14) 8... Bg6 $11 9. Bd3 Bxd3 10. Qxd3 Nbd7 {[%emt 0:00:32] [#]} 11. Bd2 $146 ({Predecessor:} 11. Ne2 e6 12. Bf4 Be7 13. O-O-O Qa5 14. Kb1 Nd5 15. Bd2 Qc7 16. c4 N5b6 17. Bf4 {1-0 (40) Ausan,L (1168)-Winter,M (1089) LSS email 2012}) 11... e6 12. Ne2 Qb6 13. O-O-O O-O-O 14. Bf4 Nd5 15. Bg3 Nb4 16. Qb3 Qa6 (16... Nd5 $14) 17. Nc3 (17. a3 $1 $16 ) 17... Be7 (17... c5 $1 $11) 18. a3 $1 $16 Nd5 19. Nxd5 exd5 20. Rhe1 Rhe8 21. Re3 $36 {[%emt 0:00:17][%mdl 2048] And now Rde1 would win. Keeping Black busy.} Bf6 22. Rde1 $1 Rxe3 23. Qxe3 Qb6 24. h4 {[%emt 0:00:15] g5 is the strong threat.} g5 25. hxg5 hxg5 26. c3 (26. Qd3 $142) 26... c5 (26... Rg8 $16) 27. Kb1 ({Inferior is} 27. Nxg5 cxd4 28. cxd4 (28. Qd2 $2 Nc5 $19) 28... Bxd4 $11) 27... Rg8 {[%emt 0:00:51] [#]} 28. dxc5 (28. Qd3 $1 $18 {has better winning chances.}) 28... Nxc5 29. Nd4 Ne4 $1 30. Ka1 Rd8 31. Qf3 Rd7 32. Qf5 Bxd4 (32... Nxg3 $11 33. fxg3 Qd8) 33. cxd4 Qxd4 $2 (33... Qc6 $16 {is a better chance.}) 34. Rh1 $2 (34. Rc1+ $18 Kd8 35. Be5) 34... Qf6 $1 $11 {[%emt 0:00:31] Active counter play!} 35. Rc1+ Kd8 36. Qh7 Ke7 37. Qg8 $2 (37. Bc7 $11 {and White has nothing to worry.}) 37... Rd8 $19 38. Rc7+ Ke6 $1 39. Qh7 Rh8 {[%emt 0:00:33] Chess con chili.} 40. Qf5+ Qxf5 41. gxf5+ Kxf5 42. Rxf7+ {[%emt 0:00:26][%mdl 4096] Endgame [#] KRB-KRN} Kg4 ({Better is} 42... Ke6 $1 $19 43. Rxb7 d4) 43. Be5 $15 Rh1+ 44. Ka2 Rf1 45. Bd4 Kh3 ({Black should try} 45... a6 $1 $15) 46. Rxb7 Nxf2 47. Bxf2 Rxf2 48. Rxa7 $2 $11 {[%emt 0:00:01][%mdl 8192] KR-KR} (48. Rh7+ $11 Kg2 49. a4) 48... g4 $19 49. Rh7+ Kg2 {[%emt 0:00:03] Strongly threatening ...g3.} 50. a4 g3 {[%emt 0:00:08] Threatens to win with ...Rf4.} 51. a5 Kf1 $2 ({Black should play} 51... Rf4 $19 {Hoping for ...Kf2.} 52. Rh5 Ra4+ 53. Kb3 Rxa5) 52. a6 $11 g2 (52... Rf6 $5 53. a7 (53. Rh1+ $2 Kf2 $19) 53... Ra6+ 54. Kb3 g2 55. Rf7+ Ke2 $15) 53. Rg7 $2 (53. a7 $11 Rf8 54. Rf7+ Rxf7 55. a8=Q) 53... Rf6 {[%emt 0:00:14] A wild game.  Weighted Error Value: White=0.69/Black=0.40} 0-1

[Event "Czech Open-Rapid 2022"]
[Site "Pardubice"]
[Date "2022.07.21"]
[Round "4.21"]
[White "Chrz, Pavel"]
[Black "Klimakovs, Sergejs"]
[Result "0-1"]
[ECO "B50"]
[WhiteElo "1986"]
[BlackElo "2266"]
[Annotator "RC"]
[PlyCount "102"]
[EventDate "2022.07.20"]
[EventType "swiss"]
[EventCountry "CZE"]
[SourceTitle "playchess.com"]
[Source "ChessBase"]
[SourceQuality "1"]
[TimeControl "1200+10"]

1. e4 c5 2. Nf3 d6 3. c3 Nf6 4. Be2 e5 5. O-O Be7 6. Bb5+ Nbd7 7. Re1 O-O 8. d4 Qc7 9. Bg5 a6 10. Ba4 b5 11. Bb3 Re8 12. Nbd2 Bf8 13. d5 h6 14. Be3 g6 15. h3 c4 16. Bc2 Nc5 17. Qe2 Bg7 18. a4 Rb8 19. axb5 axb5 20. b4 cxb3 21. Nxb3 Ncxe4 22. Ra7 Rb7 23. Rxb7 Bxb7 24. Bxe4 Nxe4 25. Qxb5 Nf6 26. c4 Rb8 27. Bb6 Qc8 28. Ba7 Ra8 29. Ra1 Qd7 30. Qxd7 Nxd7 31. Ra5 e4 32. Nfd4 Ne5 33. Nd2 Nd3 34. N4b3 f5 35. Bb6 Rxa5 36. Nxa5 Ba6 37. Nc6 Kf7 38. Bc7 Bc3 39. Nb3 Bxc4 40. Nbd4 Be1 41. Bxd6 Bxf2+ 42. Kh2 Bxd5 43. Ne5+ Nxe5 44. Bxe5 Bh4 45. Ne2 Bf6 46. Bc7 g5 47. Ng3 Ke6 48. Nh5 Be5+ 49. Bxe5 Kxe5 50. Kg3 f4+ 51. Kf2 e3+ 0-1

[Event "Czech Open-Rapid 2022"]
[Site "Pardubice"]
[Date "2022.07.21"]
[Round "4.22"]
[White "Goroshkov, Maksym"]
[Black "Tolmacevs, Artjoms"]
[Result "1-0"]
[ECO "B22"]
[WhiteElo "2240"]
[BlackElo "2022"]
[Annotator "TA"]
[PlyCount "83"]
[EventDate "2022.07.20"]
[EventType "swiss"]
[EventCountry "CZE"]
[SourceTitle "playchess.com"]
[Source "ChessBase"]
[SourceQuality "1"]
[TimeControl "1200+10"]

1. e4 c5 2. c3 Nf6 3. e5 Nd5 4. Bc4 Nb6 5. Bb3 d5 6. exd6 {[%emt 0:00:01] B22: Sicilian: 2 c3.} Qxd6 7. d4 {[%emt 0:00:01] [#] Recently 7.Na3 got a lot of attention.} Bf5 $146 ({Predecessor:} 7... cxd4 8. cxd4 g6 9. Nf3 Bg7 10. Nc3 O-O 11. Ne4 Qd8 12. Ne5 Nc6 13. Nxc6 bxc6 {½-½ (37) Khamrakulov,I (2416)-Delgado Ramirez,N (2596) Ciudad Real 2021}) 8. dxc5 {[%emt 0:00:26] The position is equal.} Qxc5 9. Be3 Qc7 10. Nf3 {[%emt 0:00:07] Hoping for Na3.} ({Reject} 10. Qh5 e6 $15) 10... e6 11. Nd4 Bg6 12. O-O a6 {[%emt 0:02:16] [#]} (12... Be7 $11) 13. Qe2 ({White should play} 13. Bxe6 $1 $16 {[%cal Of1e1][%mdl 512] Re1! is the strong threat.} Bd6 {[#]} (13... Bc5 14. Bb3) 14. g3 $1) 13... Be7 $11 14. a4 Nd5 (14... O-O $11) 15. Qf3 (15. Bxd5 $14 exd5 16. Nd2) 15... Nxe3 $15 16. fxe3 Nc6 17. Nd2 O-O 18. Nxc6 Qxc6 (18... bxc6 {is interesting.} 19. Nc4 Rab8 20. Ba2 Bd3) 19. Qxc6 bxc6 20. Bc4 Rfd8 21. Nf3 Bf6 22. Rfd1 Rxd1+ 23. Rxd1 Bc2 24. Ra1 a5 25. Ra2 Be4 (25... Rb8 $15 26. b4 Bb1) 26. Nd4 (26. Nd2 $11 Bc2 27. Nb3) 26... c5 (26... Rd8 $15 {is more appropriate.}) 27. Nb3 $11 Rd8 28. Ra1 {[%emt 0:00:06] Prevents Rd1+.} Bg5 29. Kf2 (29. Nxa5 $5 Bxe3+ 30. Kh1 $11) 29... Ba8 (29... Be7 $1 $11 {remains equal.}) 30. Re1 Bc6 31. Nxc5 (31. Bb5 $16 Rb8 32. c4) 31... Be7 {[%emt 0:00:12] This bishop pair is nice.} 32. Nb3 Bxa4 33. Nxa5 Bd1 {[%emt 0:00:18] This costs Black the game.} (33... Be8 $14) 34. Nc6 $18 Rd2+ 35. Be2 Bh4+ 36. g3 Ba4 (36... Bxe2 {might work better.} 37. Rxe2 Rd6) 37. Nd4 Bf6 38. Ra1 Be8 39. Ra8 Kf8 40. Ke1 Rxb2 41. Bb5 $1 e5 $2 (41... Rb1+ $2 42. Ke2 Rxb5 43. Nxb5 $18) (41... Rxb5 $18 42. Nxb5 Ke7) 42. Rxe8# {[%emt 0:00:02] Weighted Error Value: White=0.21 (precise) /Black=0.51} 1-0

[Event "Czech Open-Rapid 2022"]
[Site "Pardubice"]
[Date "2022.07.21"]
[Round "4.23"]
[White "Brozka, Karel"]
[Black "Sarkar, Justin"]
[Result "1/2-1/2"]
[ECO "D91"]
[WhiteElo "2188"]
[BlackElo "2346"]
[Annotator "TA"]
[PlyCount "157"]
[EventDate "2022.07.20"]
[EventType "swiss"]
[EventCountry "CZE"]
[SourceTitle "playchess.com"]
[Source "ChessBase"]
[SourceQuality "1"]
[TimeControl "1200+10"]

1. d4 Nf6 2. c4 g6 3. Nc3 d5 4. Nf3 Bg7 5. Bg5 Ne4 6. cxd5 Nxg5 7. Nxg5 e6 8. Qd2 exd5 9. Qe3+ Kf8 10. Qf4 Bf6 11. h4 h6 12. Nf3 {[%emt 0:00:01] 12.Nxd5 is not played anymore.} Kg7 13. e3 Be6 {[%emt 0:01:02] D91: Grünfeld: 4 Nf3 Bg7 5 Bg5.} 14. Bd3 c6 {[%emt 0:03:41] was the old line (14...Nd7).} 15. Qg3 Nd7 16. Ne2 (16. h5 $5 ) 16... Qa5+ 17. Kf1 h5 18. Nf4 {[%emt 0:00:41][%cal Rd3g6] [#] Black must now prevent Bxg6!} Nf8 {[%emt 0:00:20] [#]} 19. Ng5 $146 ({White should play} 19. Ne5 $11 Bxe5 20. Nxe6+ (20. dxe5 Re8 $11) 20... Nxe6 21. Qxe5+ Kh6 22. g4) ({Predecessor:} 19. Ne5 Rh6 20. Nxe6+ Nxe6 21. Ke2 Re8 22. f4 c5 23. b4 cxb4 24. f5 Nf8 25. fxg6 Nxg6 {½-½ (36) Legky,N (2330)-Bagirov,V (2485) Lvov 1984}) 19... Bxg5 ({Better is} 19... Bg4 $15) 20. Qxg5 $11 ({But not} 20. hxg5 Re8 $15) ({Don't play} 20. Nxe6+ Nxe6 21. hxg5 Rae8 22. Qe5+ Kg8 $17) 20... Re8 {[%emt 0:00:20] Threatens to win with ...Bg4.} 21. Qe5+ f6 22. Qd6 Bf7 23. Rh3 Qd8 24. Qb4 Qb6 25. Qd6 Qd8 26. Qa3 a6 27. Qb4 (27. Rg3 {is interesting.} Qd7 28. Re1 Qe7 29. Qxe7 Rxe7 30. Ke2) 27... Qe7 28. Qxe7 Rxe7 29. b4 Ne6 (29... g5 $5 30. Ne2 Bg6 31. Bxg6 Kxg6 $11) 30. Nxe6+ Bxe6 31. Rh1 Ra8 32. Ke2 Bf7 33. a4 Kf8 34. Kd2 Ke8 35. Rhc1 Kd7 36. Rc5 Kd6 37. Rac1 Rd7 38. g3 Re7 39. Ra5 Ree8 40. Rac5 Re7 41. R1c2 Rc7 42. b5 axb5 43. axb5 Ra3 44. bxc6 bxc6 45. Rb2 Be8 46. Rb8 Ra2+ 47. Ke1 Kd7 48. Rb6 Kd6 49. Kf1 Raa7 (49... Rca7 {feels hotter.} 50. Rc3 g5 51. Bf5 Rd2) 50. Rb8 Kd7 51. Kg2 Rab7 {[%emt 0:00:13] [#]} (51... Rc8 $5 52. Rb3 Kc7 $14) 52. Rxe8 Kxe8 53. Bxg6+ $14 {[%emt 0:00:01][%mdl 4096] Endgame KRR-KRB} Ke7 54. Bxh5 Rb5 55. Rc2 c5 56. Rxc5 Rcxc5 {[%emt 0:00:04] The position is equal.} 57. dxc5 Rxc5 {[%emt 0:00:01] KR-KB} 58. Bg6 d4 59. exd4 Rd5 60. h5 Kf8 61. h6 Rxd4 62. Bf5 Rb4 63. Kh3 Ra4 64. g4 Ra3+ 65. Kg2 Rc3 66. f3 Rc1 67. Be4 Ra1 68. Bf5 Rc1 69. Bg6 Ra1 70. f4 Ra3 71. g5 fxg5 72. f5 Kg8 73. f6 {[%emt 0:00:08] Intending f7+ and mate.} Kh8 74. f7 Ra8 75. Kg3 Rf8 76. Kg4 Rxf7 77. Bxf7 Kh7 78. Kxg5 Kh8 79. Kg6 {[%emt 0:00:04] Weighted Error Value: White=0.11 (very precise) /Black=0.09 (flawless)} 1/2-1/2

[Event "Czech Open-Rapid 2022"]
[Site "Pardubice"]
[Date "2022.07.21"]
[Round "4.24"]
[White "Slavik, Jan"]
[Black "Gressmann, Moritz"]
[Result "0-1"]
[ECO "B00"]
[WhiteElo "1913"]
[BlackElo "2114"]
[Annotator "RC"]
[PlyCount "130"]
[EventDate "2022.07.20"]
[EventType "swiss"]
[EventCountry "CZE"]
[SourceTitle "playchess.com"]
[Source "ChessBase"]
[SourceQuality "1"]
[TimeControl "1200+10"]

1. e4 b6 2. d4 Bb7 3. Nc3 e6 4. Bd3 Nf6 5. Nge2 Bb4 6. Bd2 c5 7. dxc5 Bxc5 8. O-O d5 9. Bb5+ Nbd7 10. e5 Ng4 11. Bf4 g5 12. Bg3 h5 13. Nd4 a6 14. Bxd7+ Qxd7 15. h3 Nh6 16. Nce2 O-O-O 17. c3 Rdg8 18. b4 Be7 19. Qd3 Kb8 20. b5 a5 21. Rab1 h4 22. Bh2 g4 23. hxg4 Rxg4 24. f3 Rg6 25. Nf4 Rgg8 26. Rf2 Bc5 27. Kh1 Nf5 28. Rc2 Ng3+ 29. Kg1 h3 30. Kf2 Nf5 31. g4 Ne7 32. a4 Ka8 33. Rg1 Qd8 34. Ke3 Rg5 35. Nh5 Rhxh5 36. gxh5 Rxg1 37. Bxg1 Qg8 38. Bh2 Nf5+ 39. Kf4 Nh4 40. Bg3 Ng2+ 41. Rxg2 hxg2 42. Qd1 Qh7 43. Qg1 Qxh5 44. Qxg2 f6 45. exf6 e5+ 46. Ke3 exd4+ 47. cxd4 Bb4 48. Bf4 Qe8+ 49. Be5 Bf8 50. Qg5 Qf7 51. f4 Bc8 52. Qg2 Be6 53. Qc2 Qd7 54. Bc7 Ka7 55. Be5 Bf5 56. Qg2 Qf7 57. Qg5 Qh7 58. Qg2 Bc2 59. Qxd5 Qh3+ 60. Kf2 Qh2+ 61. Qg2 Qxg2+ 62. Kxg2 Bxa4 63. d5 Bxb5 64. d6 Kb7 65. f5 Bd7 0-1

[Event "Czech Open-Rapid 2022"]
[Site "Pardubice"]
[Date "2022.07.21"]
[Round "4.25"]
[White "Polak, Benedikt"]
[Black "Vlasak, Jiri"]
[Result "1-0"]
[ECO "C00"]
[WhiteElo "2120"]
[BlackElo "1817"]
[Annotator "RC"]
[PlyCount "49"]
[EventDate "2022.07.20"]
[EventType "swiss"]
[EventCountry "CZE"]
[SourceTitle "playchess.com"]
[Source "ChessBase"]
[SourceQuality "1"]
[TimeControl "1200+10"]

1. e4 e6 2. Nf3 d5 3. e5 c5 4. b4 cxb4 5. a3 Nc6 6. d4 Qc7 7. axb4 Bxb4+ 8. c3 Be7 9. Bd3 f6 10. Bf4 f5 11. h4 h5 12. O-O Nh6 13. Na3 Bxa3 14. Rxa3 g6 15. Bxh6 Rxh6 16. Qd2 Rh8 17. c4 Ne7 18. Rc1 Qd8 19. Qg5 Rg8 20. Qh6 Bd7 21. cxd5 exd5 22. Qh7 a5 23. e6 Bxe6 24. Bb5+ Bd7 25. Re3 1-0

[Event "Czech Open-Rapid 2022"]
[Site "Pardubice"]
[Date "2022.07.21"]
[Round "4.26"]
[White "Chubar, Vladimir"]
[Black "Ptacek, Lubos"]
[Result "1/2-1/2"]
[ECO "D00"]
[WhiteElo "1809"]
[BlackElo "2049"]
[Annotator "NA RC"]
[PlyCount "86"]
[EventDate "2022.07.20"]
[EventType "swiss"]
[EventCountry "CZE"]
[SourceTitle "playchess.com"]
[Source "ChessBase"]
[SourceQuality "1"]
[TimeControl "1200+10"]

1. d4 d5 2. Bf4 Nf6 3. Nc3 Bf5 4. e3 e6 5. Bd3 Bxd3 6. Qxd3 Bd6 7. Bg5 O-O 8. Nf3 Nbd7 9. e4 dxe4 10. Nxe4 Be7 11. Nxf6+ Nxf6 12. O-O c6 13. c4 h6 14. Bh4 Qa5 15. a3 Rfd8 16. Qb3 Qc7 17. Rad1 b6 18. Rd3 Rac8 19. Rfd1 Ne4 20. Bxe7 Qxe7 21. Re3 Ng5 22. Nxg5 Qxg5 23. h3 Rd7 24. Red3 Rcd8 25. Qa4 b5 26. Qc2 Qf4 27. Qc3 Qe4 28. Re1 Qf4 29. Red1 a6 30. b3 Qf5 31. Rf3 Qe4 32. Re3 Qh4 33. Red3 Qe7 34. Qa5 Ra8 35. a4 Qd8 36. Qb4 bxa4 37. Qxa4 Qb6 38. d5 exd5 39. cxd5 Rad8 40. d6 Qb5 41. Qe4 Qc5 42. Qf4 a5 43. Qg3 Kf8 1/2-1/2